 Dungeon Crawl Stone Soup version 0.27-a0-1365-ge71e8f7681 (webtiles) character file.

Game seed: 449542672380163308

221 27snakeeyes612 the Shield-Bearer (level 5, -7/37 HPs)
             Began as an Octopode Fighter on June 28, 2021.
             Mangled by a phantom (8 damage)
             ... on level 4 of the Dungeon.
             The game lasted 00:03:15 (3582 turns).

27snakeeyes612 the Shield-Bearer (Octopode Fighter) Turns: 3582, Time: 00:03:16

Health: -7/37      AC:  1    Str: 22    XL:     5   Next: 98%
Magic:  5/5        EV: 11    Int: 11    God:
Gold:   85         SH: 10    Dex: 11    Spells: 4/4 levels left

rFire    . . .     SeeInvis .   a - +0 war axe
rCold    . . .     Faith    .   b - +1 kite shield
rNeg     . . .     Spirit   .   (helmet restricted)
rPois    .         Reflect  .   (no amulet)
rElec    .         Harm     .   h - +6 ring of strength
rCorr    .         Rampage  .   (no ring)
Will     .....                  (no ring)
Stlth    +++.......             (no ring)
HPRegen  0.12/turn              (no ring)
MPRegen  0.09/turn              (no ring)
                                (no ring)
                                (no ring)

@: mighty
A: almost no armour, amphibious, 8 rings, camouflage 1, gelatinous body 1,
(nimble swimmer 1), tentacles
a: no special abilities


You were on level 4 of the Dungeon.
You visited 1 branch of the dungeon, and saw 4 of its levels.

You collected 85 gold pieces.

Inventory:

Hand Weapons
 a - a +0 war axe (weapon)
Missiles
 c - a curare-tipped dart (quivered)
Armour
 b - a +1 kite shield (worn)
Jewellery
 h - a +6 ring of strength (left tentacle)
Scrolls
 m - a scroll of amnesia
Potions
 d - a potion of attraction {unknown}
 e - a potion of invisibility {unknown}
 j - 2 potions of curing {unknown}
 k - 2 potions of heal wounds {unknown}
 n - a potion of degeneration {unknown}


   Skills:
 + Level 4.0 Fighting
 + Level 3.1 Axes
 + Level 3.9 Dodging
 + Level 3.0 Stealth
 + Level 4.0 Shields


You had 4 spell levels left.
You didn't know any spells.
Your spell library was empty.

Dungeon Overview and Level Annotations

Branches:
Dungeon (4/15)
 Temple: D:4-7

Altars:
Gozag
Trog

Shops:
D:2 (

Annotations:
D:4 Dowan, Duvessa


Innate Abilities, Weirdness & Mutations

You cannot wear most types of armour.
You are amphibious.
You can wear up to eight rings at the same time.
Your skin changes colour to match your surroundings (Stealth+).
Your rubbery body absorbs attacks. (AC +1, EV +1)
((You are camouflaged near water. (Stealth+)))
You have tentacles for arms and can constrict up to eight enemies at once.


Message History

An adder and an endoplasm come into view.
The adder hisses angrily.
The endoplasm quivers.
An adder comes into view.
The adder misses you. The adder bites you.
The adder hisses angrily.
The adder bites you.
A kobold comes into view. It is wielding a +0 club.
The kobold shouts!
The adder bites you but does no damage.
You closely miss the adder. You grab the adder.
You squeeze the adder, but do no damage.
You constrict the adder. The adder bites you. You block the adder's attack.
You hit the adder.
The adder is severely wounded.
You constrict the adder.
You kill the adder!
The adder bites you.
Your Fighting skill increases to level 4!
Your Stealth skill increases to level 3!
Your Shields skill increases to level 4!
You closely miss the phantom. Your squeeze misses the phantom.
You hit the adder. The adder barely misses you. The phantom hits you.
You block the adder's attack.
You hit the phantom. You squeeze the phantom.
The phantom is moderately damaged.
You hit the adder. You block the adder's attack. The phantom hits you.
The adder bites you. The phantom hits you.
The phantom blinks!
You blink.
As you read the scroll of fear, it crumbles to dust.
You assume a fearsome visage.
The phantom is unaffected.
The phantom hits you!
* * * LOW HITPOINT WARNING * * *
You feel very mighty all of a sudden. You block the phantom's attack.
You slash the phantom! Your squeeze misses the phantom.
The phantom is severely damaged.
The phantom hits you!
* * * LOW HITPOINT WARNING * * *
The phantom hits you!
You die...

#.......#.#
#..
####..#..#
#.#
#..#.#.##
##
#.......#
##.#.###.#
#K#.# .#
#S#.# #
#W#.# #@#.#
#.#.# #.#.#
#.# #.# #..
###


You could see a phantom, an adder and a kobold.

Vanquished Creatures
  An ogre (D:3)
  5 adders
  A gnoll (D:1)
  4 worms
  A dart slug (D:3)
  2 endoplasms
  3 giant cockroaches
  9 goblins
  5 hobgoblins
  3 jackals (D:3)
  9 kobolds
  3 quokkas
  3 ball pythons
  8 bats
  3 frilled lizards
  10 rats
70 creatures vanquished.

Notes
Turn   | Place    | Note
-------+----------+-------------------------------------------
     0 | D:1      | 27snakeeyes612 the Octopode Fighter began the quest for the
                  | Orb.
     0 | D:1      | Reached XP level 1. HP: 16/16 MP: 1/1
   386 | D:1      | Reached XP level 2. HP: 15/21 MP: 2/2
   909 | D:1      | Reached XP level 3. HP: 26/26 MP: 3/3
  1170 | D:1      | Reached skill level 1 in Stealth
  1549 | D:2      | Found an opulent altar of Gozag.
  1676 | D:2      | Found Egiavir's Weapon Shop.
  1794 | D:2      | Reached XP level 4. HP: 31/31 MP: 4/4
  2110 | D:2      | Found a faded altar of an unknown god.
  2698 | D:3      | Noticed an ogre
  3001 | D:3      | Killed an ogre
  3002 | D:3      | Reached XP level 5. HP: 37/37 MP: 5/5
  3162 | D:3      | Found a bloodstained altar of Trog.
  3306 | D:4      | Noticed Duvessa
  3306 | D:4      | Noticed Dowan
  3547 | D:4      | Noticed a phantom
  3582 | D:4      | HP: 1/37 [phantom (7)]
  3582 | D:4      | Mangled by a phantom

Illustrated notes

Levels and vault maps discovered:
D:1:      dpeg_arrival_water_temple_mockup, layout_loops_ring,
          minmay_misc_feat_diagonals
D:2:      layout_loops_corners, hellmonk_ecumenical_altar_leap_of_faith,
          serial_shops, shop, basic_altar
D:3:      layout_basic, general_overflow_altar
D:4:      layout_loops_ring, serial_bayou_ford_a, uniq_duvessa

Skill      XL: |  1  2  3  4  5 |
---------------+----------------+-----
Stealth        | 1 2 3 |  3.0
Axes           | 3 |  3.1
Fighting       | 4 |  4.0
Shields        | 4 |  4.0
Dodging        | |  3.9

Action                   |  1- 3 |  4- 6 || total
-------------------------+-------+-------++-------
Melee: War axe           |    65 |    68 ||   133
       Constrict         |    18 |    13 ||    31
       Tentacles         |     9 |    12 ||    21
Throw: Dart              |       |     2 ||     2
  Use: Potion            |     1 |     1 ||     2
       Scroll            |       |     6 ||     6
 Stab: Sleeping          |    13 |     4 ||    17
Armor: Skin              |     5 |     9 ||    14
Dodge: Dodged            |    25 |    35 ||    60
Block: Kite shield       |    23 |    39 ||    62

Table legend: (Time is in decaauts)
 A = Elapsed time spent in this place.
 B = Non-inter-level travel time spent in this place.
 C = Inter-level travel time spent in this place.
 D = Time resting spent in this place.
 E = Time spent auto-exploring this place.
 F = Levels seen in this place.
 G = Mean time per level.
                   A        B        C        D        E       F      G
               +--------+--------+--------+--------+--------+-----+--------+
         Total |   3664 |   3519 |    145 |    442 |   2502 |   4 |  916.0 |
       Dungeon |   3664 |   3519 |    145 |    442 |   2502 |   4 |  916.0 |
               +--------+--------+--------+--------+--------+-----+--------+

Top non-repeatable levels by time:
     D:2: 1398 daAuts
     D:1: 1045 daAuts
     D:3: 993 daAuts
     D:4: 227 daAuts
